 Dungeon Crawl Stone Soup version 0.31-a0-986-g5e6e4ef867 (webtiles) character file.

Game seed: 13266846842151702131

82688 PurpleCat the Impregnable (level 15, -8/201 HPs)
             Began as a Minotaur Berserker on Oct 24, 2021.
             Was the Champion of Trog.
             Shot with an arrow by Nessos (15 damage)
             ... while paralysed by Nessos
             ... on level 12 of the Dungeon on Nov 8, 2023.
             The game lasted 02:12:50 (22491 turns).

PurpleCat the Impregnable (Minotaur Berserker)     Turns: 22491, Time: 02:12:51

Health: -8/201     AC: 31    Str: 29    XL:     15   Next: 30%
Magic:  14/14      EV:  2    Int:  4    God:    Trog [******]
Gold:   1505       SH:  0    Dex: 10    Spells: 14/14 levels left

rFire   . . .        a - +8 battleaxe (flame)
rCold   . . .        (shield currently unavailable)
rNeg    . . .        y - +0 plate armour
rPois   .            p - +1 hat
rElec   .            i - +0 cloak
rCorr   .            N - +0 pair of gloves
SInv    .            w - +0 pair of boots
Will    +....        (no amulet) Stlth
                     G - +4 ring of protection
HPRegen 0.53/turn    D - +4 ring of slaying
MPRegen 0.14/turn

%: no passive effects
@: paralysed, berserking, lethally poisoned (-8 -> -24), studying Crossbows
A: horns 2, retaliatory headbutt
a: Renounce Religion, Berserk, Trog's Hand, Brothers in Arms


You were on level 12 of the Dungeon.
You worshipped Trog.
Trog was exalted by your worship.
You visited 2 branches of the dungeon, and saw 18 of its levels.
You also visited: Bailey.

You collected 1565 gold pieces.
You spent 60 gold pieces at shops.

Inventory:

Hand Weapons
 a - a +8 battleaxe of flaming (weapon)
 b - the +4 sling of the Spider Nest {speed, Str+7 Int-3 Dex-2}
   (You found it on level 5 of the Lair of Beasts)

   Str+7:     It affects your strength (+7).
   Int-3:     It affects your intelligence (-3).
   Dex-2:     It affects your dexterity (-2).
Missiles
 H - 136 stones (quivered)
Armour
 i - a +0 cloak (worn)
 p - a +1 hat (worn)
 w - a +0 pair of boots (worn)
 y - a +0 plate armour (worn)
 N - a +0 pair of gloves (worn)
Jewellery
 e - a ring of see invisible
 q - a ring of willpower
 x - a ring of protection from cold
 D - a +4 ring of slaying (right hand)
 G - a +4 ring of protection (left hand)
 O - a ring of fire
 P - a ring of resist corrosion
 U - a ring of willpower
 Y - a ring of protection from cold
 Z - a ring of fire
Wands
 c - a wand of mindburst (10)
 k - a wand of polymorph (12)
 I - a wand of paralysis (9)
 L - a wand of light (14)
 T - a wand of flame (17)
 W - a wand of iceblast (5)
Scrolls
 f - 4 scrolls of fear
 l - 5 scrolls of immolation
 m - 4 scrolls of teleportation
 n - 4 scrolls of enchant armour {unknown}
 s - a scroll of fog {unknown}
 u - a scroll of noise {unknown}
 A - a scroll of poison {unknown}
 E - 3 scrolls of torment {unknown}
 F - a scroll of enchant weapon
 J - 5 scrolls of revelation
 K - 2 scrolls of amnesia {unknown}
 V - 2 scrolls of blinking {unknown}
 X - a scroll of silence {unknown}
Potions
 d - 2 potions of attraction {unknown}
 g - 5 potions of curing
 h - 2 potions of enlightenment
 j - 3 potions of resistance
 o - 2 potions of lignification {unknown}
 r - 4 potions of invisibility
 t - a potion of degeneration {unknown}
 v - 3 potions of cancellation
 z - 3 potions of ambrosia
 B - 3 potions of haste
 C - 2 potions of mutation {unknown}
 M - 6 potions of might
 Q - 3 potions of heal wounds
 R - a potion of magic
 S - a potion of berserk rage {unknown}


   Skills:
 * Level 12.8 Fighting
 - Level 20.0 Axes
 - Level 22.0 Armour
 - Level 4.8 Dodging


You had 14 spell levels left.
You didn't know any spells.
Your spell library was empty.

Dungeon Overview and Level Annotations

Branches:
Dungeon (12/15)            Temple (0/1) D:4            Lair (6/6) D:9
  Swamp (0/4) Lair:4        Snake (0/4) Lair:3        Slime (0/5) Lair:5
    Orc (0/2) D:10         Bailey (visited)

Altars:
Dithmenos
Elyvilon
Gozag
Makhleb
Nemelex Xobeh
Ru
Vehumet
Wu Jian
Yredelemnul
The Shining One

Shops:
D:5 (   D:11 *

Annotations:
D:12 Nessos
Lair:1 exclusion: oklob plant
Lair:5 exclusion: oklob plant


Innate Abilities, Weirdness & Mutations

You have a pair of horns on your head.
You reflexively headbutt those who attack you in melee.


Message History

You feel the power of Trog in you as your rage grows.
You kill the slime creature!
Trog accepts your kill.
You slice the slime creature!! You burn the slime creature!
You hit the gargoyle but do no damage.
* * * LOW HITPOINT WARNING * * *
You feel very sick.
Nessos shoots an arrow.
The arrow closely misses you.
You slice the gargoyle!! You burn the gargoyle.
You destroy the gargoyle!
Trog accepts your kill.
You hit the slime creature. You burn the slime creature.
* * * LOW HITPOINT WARNING * * *
You feel very sick.
Nessos shoots an arrow.
The arrow hits you.
* * * LOW HITPOINT WARNING * * *
The arrow burns you.
You are more poisoned.
* * * LOW HITPOINT WARNING * * *
The slime creature barely misses you. You furiously retaliate!
You headbutt the slime creature!!
You kill the slime creature!
Trog accepts your kill.
* * * LOW HITPOINT WARNING * * *
You feel very sick.
Nessos gestures wildly while chanting.
Nessos blinks!
Nessos shoots an arrow.
The arrow closely misses you.
You are too berserk!
You feel a strong urge to attack something.
* * * LOW HITPOINT WARNING * * *
You feel very sick.
Nessos shoots an arrow.
The arrow hits you but does no damage.
* * * LOW HITPOINT WARNING * * *
You feel very sick.
Nessos mumbles some strange words.
Nessos blinks!
Nessos zaps a wand.
You suddenly lose the ability to move!
* * * LOW HITPOINT WARNING * * *
You feel very sick.
Nessos shoots an arrow.
The arrow hits you!
You die...

#######
#.# ♣(♣
♣.♣
♣♣.♣♣
♣...♣
♣§..♣
♣...♣
##♣...♣#
#>.@...#
##♣...♣#
♣)..♣
♣c..♣
♣...♣
♣♣.♣♣
♣.♣ ♣.♣
#.#


You could see Nessos (fast).

Vanquished Creatures
  Kirke (Lair:4)
  2 vault guards (Bailey)
  6 hydras
  Erolcha (D:10)
  Erica (D:11)
  A catoblepas (Lair:6)
  A centaur warrior (D:12)
  6 death yaks (Lair:4)
  A boulder beetle (Lair:5)
  2 two-headed ogres
  4 skysharks
  A sixfirhy (D:12)
  A goliath frog (Lair:6)
  3 deep elf pyromancers (D:11)
  A lindwurm (Lair:5)
  5 deep elf zephyrmancers (D:11)
  3 cyclopes
  A manticore (D:12)
  28 elephants
  Joseph (D:10)
  A rust devil (D:11)
  A smoke demon (D:12)
  3 black mambas
  2 gargoyles (D:12)
  5 rime drakes
  An unseen horror (D:12)
  25 cane toads
  A kobold demonologist (D:10)
  15 komodo dragons
  3 unseen horror zombies (D:9)
  2 orange demons (D:12)
  2 ice devils
  A hellwing (D:12)
  3 polar bears
  5 trolls
  3 tyrant leeches (Lair:6)
  Prince Ribbit (Bailey)
  44 blink frogs
  4 dream sheep (Lair:5)
  Sigmund (D:6)
  15 slime creatures
  3 shadows
  A ynoxinul (D:11)
  3 vampires
  3 wraiths
  34 yaks
  5 wyverns
  4 humans (Bailey)
  4 hogs (Lair:4)
  6 basilisks
  5 vampire mosquitoes (Lair:6)
  A chaos spawn (D:12)
  A steam dragon (D:10)
  15 water moccasins
  4 acid dragons
  2 nagas (Lair:3)
  7 orc warriors
  An ice beast (D:5)
  3 ogres
  9 centaurs
  5 wolves (Lair:5)
  4 kobold brigands
  27 bullfrogs
  3 gnoll sergeants
  3 scorpions
  13 wights
  A water moccasin zombie (D:5)
  9 killer bees (D:10)
  3 electric eels
  3 vampire bats (D:6)
  10 howler monkeys
  2 quasits
  2 centaur zombies (D:9)
  A jelly (D:4)
  11 orc priests
  2 hounds
  Crazy Yiuf (D:2)
  2 bullfrog skeletons
  4 orc wizards
  5 iguanas
  A hound zombie (D:5)
  2 hound skeletons
  A howler monkey zombie (D:9)
  Robin (D:2)
  6 adders
  9 gnolls
  A white imp (D:7)
  5 ufetubi
  A worm (D:4)
  4 dart slugs
  51 orcs
  7 ball pythons
  10 bats
  8 endoplasms
  4 giant cockroaches
  17 goblins
  11 hobgoblins
  3 jackals
  2 quokkas
  5 frilled lizards
  12 kobolds
  10 rats
601 creatures vanquished.

Vanquished Creatures (collateral kills)
  2 deep elf zephyrmancers (D:11)
2 creatures vanquished.

Grand Total: 603 creatures vanquished

Notes
Turn   | Place    | Note
-------+----------+-------------------------------------------
     0 | D:1      | PurpleCat the Minotaur Berserker began the quest for the
                  | Orb.
     0 | D:1      | Reached XP level 1. HP: 19/19 MP: 0/0
   179 | D:1      | Reached XP level 2. HP: 26/27 MP: 1/1
   544 | D:1      | Reached skill level 3 in Armour
  1076 | D:2      | Reached XP level 3. HP: 33/33 MP: 2/2
  1223 | D:2      | Noticed Robin
  1236 | D:2      | Killed Robin
  1274 | D:2      | Reached ** piety under Trog
  1351 | D:2      | Found a runed translucent door.
  1352 | D:2      | Noticed Crazy Yiuf
  1358 | D:2      | Killed Crazy Yiuf
  1359 | D:2      | Reached XP level 4. HP: 25/41 MP: 3/3
  2637 | D:3      | Found a faded altar of an unknown god.
  2910 | D:4      | Found a staircase to the Ecumenical Temple.
  2960 | D:4      | Reached skill level 5 in Fighting
  2960 | D:4      | Reached skill level 4 in Armour
  2960 | D:4      | Reached XP level 5. HP: 48/48 MP: 4/4
  3112 | D:4      | Noticed a centaur
  3116 | D:4      | Reached XP level 6. HP: 57/57 MP: 5/5
  3119 | D:4      | Reached skill level 5 in Armour
  3254 | D:4      | Reached skill level 5 in Axes
  3262 | D:4      | Found a basalt altar of Yredelemnul.
  3546 | D:4      | Reached *** piety under Trog
  3640 | D:4      | Found an opulent altar of Gozag.
  3730 | D:4      | Found a shadowy altar of Dithmenos.
  3741 | D:5      | Entered Level 5 of the Dungeon
  3774 | D:5      | Reached XP level 7. HP: 43/64 MP: 6/6
  3944 | D:5      | Noticed a wyvern
  3950 | D:5      | Killed a wyvern
  3951 | D:5      | Reached skill level 6 in Armour
  4076 | D:5      | Found a burning altar of Makhleb.
  4177 | D:5      | Found Cebeg's Antique Weapon Boutique.
  4266 | D:5      | Reached XP level 8. HP: 45/73 MP: 7/7
  4751 | D:6      | Upgraded the game from 0.28-a0-706-gf6f64a616a to
                  | 0.31-a0-986-g5e6e4ef867
  4779 | D:6      | Noticed Sigmund
  4788 | D:6      | Killed Sigmund
  4789 | D:6      | Reached skill level 7 in Armour
  5086 | D:6      | Found a glowing golden altar of the Shining One.
  5495 | D:6      | Reached skill level 8 in Armour
  5612 | D:6      | Found a sparkling altar of Nemelex Xobeh.
  6262 | D:7      | Reached XP level 9. HP: 81/81 MP: 8/8
  6914 | D:7      | Found a sacrificial altar of Ru.
  7522 | D:8      | Reached skill level 10 in Axes
  7616 | D:8      | Reached skill level 9 in Armour
  7625 | D:8      | Reached **** piety under Trog
  8441 | D:8      | Found an ornate altar of the Wu Jian Council.
  8809 | D:9      | Found a flagged portal.
  8823 | Bailey   | Entered a bailey
  8882 | Bailey   | Reached skill level 10 in Armour
  8965 | Bailey   | Reached XP level 10. HP: 87/88 MP: 9/9
  8978 | Bailey   | Noticed Prince Ribbit
  8978 | Bailey   | Noticed a vault guard
  8986 | Bailey   | Killed Prince Ribbit
  8993 | Bailey   | Killed a vault guard
  9129 | Bailey   | Noticed a vault guard
  9145 | Bailey   | Killed a vault guard
  9146 | Bailey   | Reached skill level 11 in Armour
  9442 | D:9      | Found a radiant altar of Vehumet.
  9677 | D:9      | Found a staircase to the Lair.
  9773 | D:9      | Reached XP level 11. HP: 94/94 MP: 10/10
 10205 | D:14     | Identified the "Coogefag"
 10205 | Lair:1   | Entered Level 1 of the Lair of Beasts
 10244 | Lair:1   | Reached skill level 12 in Armour
 10262 | Lair:1   | Noticed an oklob plant
 10638 | Lair:1   | Reached skill level 15 in Axes
 10751 | Lair:1   | Reached ***** piety under Trog
 11441 | Lair:2   | Noticed an eight-headed hydra
 11463 | Lair:1   | Killed a 16-headed hydra
 12056 | Lair:2   | Reached skill level 13 in Armour
 12548 | Lair:3   | Noticed a seven-headed hydra
 12562 | Lair:3   | Killed a ten-headed hydra
 12563 | Lair:3   | Reached XP level 12. HP: 77/101 MP: 11/11
 12911 | Lair:3   | Reached skill level 14 in Armour
 13831 | Lair:3   | Found a staircase to the Snake Pit.
 14163 | D:10     | Entered Level 10 of the Dungeon
 14340 | D:10     | Received a gift from Trog
 14389 | D:10     | Noticed Erolcha
 14416 | D:10     | Killed Erolcha
 14543 | D:10     | HP: 5/101 [orc warrior/+0 trident (8)]
 14918 | D:10     | Noticed Joseph
 14920 | D:10     | Noticed a two-headed ogre
 14923 | D:10     | Killed Joseph
 14929 | D:10     | Killed a two-headed ogre
 14930 | D:10     | Reached skill level 15 in Armour
 15253 | D:10     | Found a staircase to the Orcish Mines.
 15500 | D:10     | Found a white marble altar of Elyvilon.
 15875 | Lair:4   | Noticed Kirke
 15914 | Lair:4   | Killed Kirke
 15915 | Lair:4   | Reached XP level 13. HP: 107/107 MP: 12/12
 16175 | Lair:4   | Reached skill level 16 in Armour
 16930 | Lair:4   | Found a staircase to the Swamp.
 17169 | Lair:5   | Reached skill level 17 in Armour
 17456 | Lair:5   | Reached skill level 18 in Armour
 17539 | Lair:5   | Identified the +4 sling of the Spider Nest {speed, Str+7
                  | Int-3 Dex-2}
 17649 | Lair:5   | Reached skill level 19 in Armour
 17757 | Lair:5   | Reached XP level 14. HP: 109/114 MP: 13/13
 17936 | Lair:5   | Found a staircase to the Slime Pits.
 18224 | Lair:5   | Received a gift from Trog
 18567 | Lair:6   | Entered Level 6 of the Lair of Beasts
 18659 | Lair:6   | Identified the blade talisman "Puliviaq" {Fly rCorr MP-9
                  | Int+4}
 18670 | Lair:6   | Reached skill level 20 in Armour
 19207 | Lair:6   | Reached skill level 21 in Armour
 19361 | Lair:6   | Identified the +0 troll leather armour of the Loofah {rElec
                  | Regen+ SInv}
 20010 | Lair:6   | Reached skill level 22 in Armour
 20676 | D:11     | Received a gift from Trog
 20881 | D:11     | Noticed Erica
 20885 | D:11     | Killed Erica
 20965 | D:11     | Reached skill level 10 in Fighting
 21310 | D:11     | Found Ubbom's Assorted Antiques.
 21361 | D:11     | Reached XP level 15. HP: 116/126 MP: 14/14
 21372 | D:11     | Bought a scroll of identify for 60 gold pieces
 22253 | D:12     | Reached ****** piety under Trog
 22461 | D:12     | Received a gift from Trog
 22462 | D:12     | Noticed Nessos
 22480 | D:12     | Paralysed by Nessos for 3 turns
 22490 | D:12     | Paralysed by Nessos for 3 turns
 22491 | D:12     | HP: 7/201 [poisoned by Nessos]
 22491 | D:12     | Shot with an arrow by Nessos

Illustrated notes

Levels and vault maps discovered:
D:1:      minmay_arrival_four_houses, layout_basic, grunt_decor_arrowhead
D:2:      layout_rooms, uniq_crazy_yiuf_cottage, uniq_robin
D:3:      layout_loops_corners, hellmonk_ecumenical_altar_prayer_group,
          kennysheep_generic_room_9
D:4:      layout_basic, mainiacjoe_overflow_swirl,
          mainiacjoe_overflow_tiny_flanked, minmay_temple_entry_ruins,
          minmay_manual_mandibuliform
D:5:      layout_basic, makhleb_blood_cavern_becter, serial_shops,
          nicolae_shop_overgrown_old_shop, chequers_decorated_corner,
          minmay_misc_feat_plants
D:6:      layout_basic, nemelex_spade_bored_becter, tso_oasis_becter,
          roderic_batcave, skrybe_limestone_x, uniq_sigmund
D:7:      layout_loops_corners, kennysheep_mini
D:8:      layout_basic, nicolae_wu_jian_glorious_leap
D:9:      layout_basic, vehumet_crystals, lair_entry_dummy, enter_bailey_5,
          serial_undead, serial_undead_b, serial_undead_d, serial_undead_e,
          serial_undead_e, hangedman_decor_lopped
D:10:     nicolae_BIG_FREAKIN_CUBE, layout_long_grid, elyvilon_altar_3,
          hiddenorc2_lemuel, uniq_joseph, uniq_erolcha
D:11:     layout_long_grid, serial_shops, shop, elves_outpost_lemuel, uniq_erica
D:12:     nzn_winding_woodlands_huge [nzn_winding_woodlands_5x15_pathside_ponds,
          nzn_winding_woodlands_5x15_zeroes, nzn_winding_woodlands_5x15_twine,
          nzn_winding_woodlands_5x15_lazy_stream,
          nzn_winding_woodlands_5x15_eye,
          nzn_winding_woodlands_5x15_split_checker,
          nzn_winding_woodlands_5x15_crooked,
          nzn_winding_woodlands_5x15_default, nzn_winding_woodlands_5x15_cabin,
          nzn_winding_woodlands_5x15_garden,
          nzn_winding_woodlands_center_pierced_h,
          nzn_winding_woodlands_center_lodge,
          nzn_winding_woodlands_15x15_five_gardens], layout_rooms,
          serial_demonic, serial_demonic_e, serial_demonic_a, serial_demonic_b,
          serial_demonic_f, serial_demonic_g, serial_demonic_c, uniq_maurice,
          uniq_nessos
Lair:1:   layout_chaotic_city
Lair:2:   layout_regular_city, chequers_serial_rivers_micro_b,
          nicolae_quartered_pool_super
Lair:3:   layout_chaotic_city, guppyfry_snake_entry_island,
          gauntlet_entry_generic, grunt_megastairs_4, serial_bayou_shore_b
Lair:4:   layout_cellular_growth, swamp_mist, uniq_kirke
Lair:5:   layout_roguey, minmay_slime_entry_pillars
Lair:6:   minmay_lair_end_frog_pond, layout_cave_pods

Skill      XL: |  1  2  3  4  5  6  7  8  9 10 11 12 13 14 15 |
---------------+----------------------------------------------+-----
Fighting       | 4 5 6 7 10 12 | 12.8
Armour         | 3 4 5 6 8 10 11 13 15 19 22 | 22.0
Axes           | 4 5 6 8 11 14 17 19 20 | 20.0
Dodging        | 3 4 |  4.8

Action                     |  1- 3 |  4- 6 |  7- 9 | 10-12 | 13-15 || total
---------------------------+-------+-------+-------+-------+-------++-------
  Melee: Hand axe          |    81 |   116 |   235 |       |       ||   432
         Headbutt          |    11 |    32 |    55 |    90 |   141 ||   329
         Punch             |       |       |     3 |       |       ||     3
         Battleaxe         |       |       |     5 |   417 |   557 ||   979
         Unarmed           |       |       |       |    12 |       ||    12
   Fire: Sling             |       |       |     5 |       |       ||     5
  Throw: Stone             |       |       |       |       |     5 ||     5
 Invoke: Trog's Hand       |       |       |     2 |     2 |     2 ||     6
         Berserk           |       |       |     3 |    12 |     4 ||    19
         Brothers in Arms  |       |       |       |       |     1 ||     1
  Evoke: Wand              |       |       |       |     5 |     2 ||     7
    Use: Scroll            |       |       |     5 |     8 |     8 ||    21
         Potion            |       |       |       |     1 |     1 ||     2
 Armour: Animal skin       |    20 |     2 |       |       |       ||    22
         Leather armour    |       |     9 |       |       |       ||     9
         Chain mail        |       |    27 |    42 |       |       ||    69
         Plate armour      |       |       |   116 |   476 |   430 ||  1022
         Skin              |       |       |       |     2 |       ||     2
  Dodge: Dodged            |    39 |    52 |    92 |   188 |   163 ||   534

Table legend: (Time is in decaauts)
 A = Elapsed time spent in this place.
 B = Non-inter-level travel time spent in this place.
 C = Inter-level travel time spent in this place.
 D = Time resting spent in this place.
 E = Time spent auto-exploring this place.
 F = Levels seen in this place.
 G = Mean time per level.
                   A        B        C        D        E       F      G
               +--------+--------+--------+--------+--------+-----+--------+
         Total |  22513 |  21462 |   1051 |   2872 |  14100 |  19 | 1184.9 |
       Dungeon |  13746 |  12972 |    774 |   1621 |   8660 |  12 | 1145.5 |
          Lair |   8322 |   8045 |    277 |   1123 |   5300 |   6 | 1387.0 |
        Bailey |    445 |    445 |      0 |    127 |    139 |   1 |  445.0 |
               +--------+--------+--------+--------+--------+-----+--------+

Top non-repeatable levels by time:
     D:6: 1733 daAuts
  Lair:3: 1646 daAuts
  Lair:6: 1609 daAuts
     D:9: 1554 daAuts
  Lair:5: 1397 daAuts
  Lair:4: 1375 daAuts
    D:11: 1362 daAuts
     D:8: 1313 daAuts
    D:10: 1312 daAuts
  Lair:1: 1198 daAuts
  Lair:2: 1094 daAuts
     D:1: 1043 daAuts
     D:5: 1014 daAuts
     D:7: 985 daAuts
     D:3: 951 daAuts
